 Dungeon Crawl Stone Soup version 0.21.0-3-g78d12a8bdd (webtiles) character file.

163 Livsi the Shield-Bearer (level 5, -6/41 HPs)
             Began as a Human Fighter on Jan 17, 2018.
             Mangled by i1guy's ghost (8 damage)
             ... on level 3 of the Dungeon.
             The game lasted 00:12:14 (2178 turns).

Livsi the Shield-Bearer (Human Fighter)             Turns: 2178, Time: 00:12:15

Health: -6/41      AC: 11    Str: 22    XL:     5   Next: 73%
Magic:  5/5        EV:  6    Int:  9    God:
Gold:   113        SH:  9    Dex: 12    Spells: 4/4 levels left

rFire    . . .     SeeInvis .   a - +0 long sword
rCold    + + .     Gourm    .   c - +0 shield
rNeg     + . .     Faith    .   e - +2 chain mail {rC+}
rPois    .         Spirit   .   (no helmet)
rElec    .         Reflect  .   (no cloak)
rCorr    .         Harm     .   (no gloves)
MR       .....                  (no boots)
Stlth    ..........             (no amulet)
HPRegen  0.13/turn              g - ring of positive energy
MPRegen  0.09/turn              l - ring of protection from cold

@: mighty
A: no striking features
a: no special abilities


You were on level 3 of the Dungeon.
You were hungry.

You visited 1 branch of the dungeon, and saw 3 of its levels.

You collected 113 gold pieces.

Inventory:

Hand Weapons
 a - a +0 long sword (weapon)
Armour
 b - a +0 scale mail
 c - a +0 shield (worn)
 e - a +2 chain mail of cold resistance (worn)
Jewellery
 g - a ring of positive energy (left hand)
 l - a ring of protection from cold (right hand)
Scrolls
 h - a scroll of blinking
 i - 3 scrolls of identify
 k - a scroll of teleportation
 m - a scroll of remove curse
Comestibles
 f - 5 rations


   Skills:
 + Level 3.5 Fighting
 + Level 3.6 Long Blades
 + Level 3.5 Armour
 + Level 0.6 Dodging
 + Level 0.3 Stealth
 + Level 4.0 Shields


You had 4 spell levels left.
You didn't know any spells.

Dungeon Overview and Level Annotations

Branches:
Dungeon (3/15)

Altars:
Gozag
Trog

Annotations:
D:3 i1guy's ghost, amateur MiFi


Message History

I1guy's ghost hits you but does no damage.
You block i1guy's ghost's attack.
You slash i1guy's ghost!
I1guy's ghost is heavily damaged.
I1guy's ghost hits you but does no damage.
You closely miss i1guy's ghost.
I1guy's ghost is heavily damaged.
I1guy's ghost barely misses you.
You barely miss i1guy's ghost.
I1guy's ghost is heavily damaged.
I1guy's ghost hits you!
* * * LOW HITPOINT WARNING * * *
I1guy's ghost hits you but does no damage.
You slash i1guy's ghost!
I1guy's ghost is severely damaged.
You block i1guy's ghost's attack.
You closely miss i1guy's ghost.
I1guy's ghost is severely damaged.
I1guy's ghost hits you!
You die...

#..... #.... ######
##.....# .... ###.....
......###..####...###.
#.....|#...##...#####.
#.........# #.######.(
#........####.####...#
#.....#.)†.........###
#####.W..#)....##.#####
...##.@.)#)..####......
......$#..#..## ####...
.............# #..##
....###......##......###
.#. #.........###### #
.............#
..##..........#
......(.....#
###..........#


You could see i1guy's ghost.

Vanquished Creatures
  A scorpion (D:2)
  An orc wizard (D:3)
  Terence (D:2)
  2 adders (D:2)
  A worm (D:2)
  A leopard gecko (D:2)
  4 orcs (D:3)
  2 giant cockroaches
  6 goblins
  7 hobgoblins
  4 bats
  3 frilled lizards
  4 kobolds
  5 rats
42 creatures vanquished.

Notes
Turn   | Place    | Note
-------+----------+-------------------------------------------
     0 | D:1      | Livsi the Human Fighter began the quest for the Orb.
     0 | D:1      | Reached XP level 1. HP: 18/18 MP: 1/1
   364 | D:1      | Reached XP level 2. HP: 24/24 MP: 2/2
   953 | D:2      | Noticed a scorpion
   961 | D:2      | Killed a scorpion
   961 | D:2      | Reached XP level 3. HP: 18/29 MP: 3/3
   961 | D:2      | Reached XP level 4. HP: 22/35 MP: 4/4
  1186 | D:2      | Found an opulent altar of Gozag.
  1476 | D:2      | Noticed Terence
  1492 | D:2      | Killed Terence
  1492 | D:2      | Reached XP level 5. HP: 41/41 MP: 5/5
  1508 | D:2      | Found a bloodstained altar of Trog.
  2007 | D:3      | Reached skill level 4 in Shields
  2158 | D:3      | Noticed i1guy's ghost (amateur MiFi)
  2176 | D:3      | HP: 2/41 [i1guy's ghost (14)]
  2178 | D:3      | Mangled by i1guy's ghost

Skill      XL: |  1  2  3  4  5 |
---------------+----------------+-----
Long Blades    | 3 |  3.6
Shields        | 4 |  4.0
Fighting       | |  3.5
Armour         | |  3.5
Dodging        | |  0.6
Stealth        | |  0.3

Action                   |  1- 3 |  4- 6 || total
-------------------------+-------+-------++-------
Melee: Long sword        |    43 |    99 ||   142
  Use: Scroll            |     5 |     3 ||     8
       Potion            |     4 |     6 ||    10
  Eat: Ration            |       |     1 ||     1
Armor: Scale mail        |    18 |       ||    18
       Chain mail        |    13 |    46 ||    59
       Skin              |       |     8 ||     8
Dodge: Dodged            |    10 |    16 ||    26
Block: Shield            |    23 |    49 ||    72
       Rpst.: Long sword |     3 |     5 ||     8
